 Dungeon Crawl Stone Soup version 0.32-a0-391-gce5c0aa (webtiles) character file.

Game seed: 10120900519794792735

1249 Nithhogg the Chopper (level 8, -4/70 (71) HPs)
             Began as a Mountain Dwarf Fighter on Feb 19, 2024.
             Slain by a bullfrog (7 damage)
             ... on level 6 of the Dungeon.
             The game lasted 00:07:39 (5852 turns).

Nithhogg the Chopper (Mountain Dwarf Fighter)       Turns: 5852, Time: 00:07:40

HP:   -4/70 (71)    AC:  7    Str: 21    XL:     8   Next: 26%
MP:   12/12         EV:  9    Int:  9    God:
Gold: 302           SH:  4    Dex:  9    Spells: 7/7 levels left

rFire   . . .        a - +1 war axe (freeze)
rCold   . . .        c - +0 buckler
rNeg    . . .        b - +0 scale mail
rPois   .            (no helmet)
rElec   .            (no cloak)
rCorr   .            (no gloves)
SInv    .            (no boots)
Will    +....        (no amulet) Stlth
                     v - ring of willpower
HPRegen 0.31/turn    (no ring)
MPRegen 0.13/turn

%: no passive effects
@: lightly drained
A: runic magic, artefact enchanting
a: no special abilities


You were on level 6 of the Dungeon.
You visited 1 branch of the dungeon, and saw 7 of its levels.

You collected 302 gold pieces.

Inventory:

Hand Weapons
 a - a +1 war axe of freezing (weapon)
 t - the +12 dagger "Byl Daz" {flame, rN+}
   (You found it on level 5 of the Dungeon)

   rN+:       It protects you from negative energy.
Missiles
 e - a throwing net
 h - 4 atropa-tipped darts (quivered)
Armour
 b - a +0 scale mail (worn)
 c - a +0 buckler (worn)
 g - a +1 plate armour
Jewellery
 k - a ring of ice
 v - a ring of willpower (left hand)
Wands
 f - a wand of acid (4)
 m - a wand of charming (20)
Scrolls
 i - a scroll of poison
 n - 3 scrolls of identify
 p - a scroll of enchant armour
Potions
 o - a potion of attraction
 r - a potion of degeneration {unknown}
 s - a potion of enlightenment {unknown}
 u - a potion of ambrosia {unknown}


   Skills:
 + Level 6.3 Fighting
 + Level 6.4 Axes
 + Level 6.3 Armour
 - Level 3.2 Shields
 + Level 6.3 Invocations


You had 7 spell levels left.
You didn't know any spells.
Your spell library contained the following spells:

 Spells                   Type           Power      Damage    Failure   Level
 Apportation              Tloc           0%         N/A       54%         1
 Magic Dart               Conj           0%         1d3       54%         1
 Jinxbite                 Hex            0%         N/A       67%         2
 Scorch                   Fire           0%         2d5       67%         2
 Searing Ray              Conj           0%         2d4       67%         2
 Static Discharge         Conj/Air       0%         3-3/arc   67%         2
 Dazzling Flash           Conj/Hex       0%         N/A       88%         3
 Mephitic Cloud           Conj/Alch/Air  0%         N/A       88%         3
 Swiftness                Air            0%         N/A       88%         3
 Flame Wave               Conj/Fire      0%         2d4       99%         4
 Fulminant Prism          Conj/Alch      0%         3d5       99%         4
 Vhi's Electric Charge    Tloc/Air       0%         N/A       99%         4
 Alistair's Intoxication  Alch           0%         N/A       100%        5
 Curse of Agony           Necr           0%         N/A       100%        5
 Silence                  Hex/Air        0%         N/A       100%        5
 Summon Cactus Giant      Summ           0%         N/A       100%        6
 Maxwell's Capacitive Co  Air            0%         ∞         100%        8


Dungeon Overview and Level Annotations

Branches:
Dungeon (7/15)
 Temple: D:4-7

Altars:
Ashenzari
Cheibriados
Gozag
Hepliaklqana
Makhleb
Nemelex Xobeh
Trog
Xom
Zin

Shops:
D:6 *


Innate Abilities, Weirdness & Mutations

Your spellcasting is much less encumbered by armour.
You can use scrolls of enchantment on lesser artefacts.


Message History

Found a stone staircase leading down.
The wight hits you with a +2 great sword of electrocution.
You feel drained. The white imp gestures at you. The puff of frost hits you!
The wight attacks as it pursues you! The wight barely misses you.
The white imp shouts, "Scamper away, thou weedy rhino-ravelling snaffler!"
The white imp gestures at you. The puff of frost misses you.
The wight attacks as it pursues you!
The wight hits you with a +2 great sword of electrocution!
You are electrocuted!!
The wight attacks as it pursues you! The wight barely misses you.
There is an open door here.
As you read the scroll of teleportation, it crumbles to dust.
You feel strangely unstable.
The wight hits you with a +2 great sword of electrocution!
Your surroundings suddenly seem different.
A wyvern and a bullfrog come into view.
The bullfrog croaks.
An ufetubus comes into view.
The wyvern bites you!
* * * LOW HITPOINT WARNING * * *
The white imp gestures at you. The puff of frost misses you.
The wyvern bites you!
* * * LOW HITPOINT WARNING * * *
There is a stone staircase leading up, spattered with blood here.
The centaur shouts!
The bullfrog hits you but does no damage.
The white imp gestures at you. The puff of frost hits you!
* * * LOW HITPOINT WARNING * * *
The wyvern bites you.
* * * LOW HITPOINT WARNING * * *
You climb upwards.
There is a stone staircase leading down here.
Okay, then.
It was a potion of cancellation.
You feel magically purged. The bullfrog hits you!
You die...

... ####... .#. ####
# # # .## ..####
##..........#
##...........##
#.............##
##@.............##
##.Fk............(##
##..................#
#...................#
#........<..........#
#..................#
#.................##
###...........))###
####...........#


You could see a wyvern and a bullfrog.

Vanquished Creatures
  Eustachio (D:6)
  Menkaure (D:6)
  A black bear (D:5)
  A phantom (D:6)
  A bullfrog (D:7)
  3 scorpions
  2 jellies (D:5)
  A bombardier beetle (D:5)
  A gnoll bouda (D:6)
  3 hounds (D:5)
  4 iguanas
  2 sleepcaps (D:6)
  5 gnolls
  2 adders (D:5)
  2 ufetubi (D:5)
  A dart slug (D:4)
  A ribbon worm (D:3)
  7 orcs
  6 bats
  9 endoplasms
  3 giant cockroaches
  6 goblins
  5 hobgoblins
  6 jackals
  3 kobolds
  2 quokkas
  7 ball pythons
  3 frilled lizards
  3 rats
92 creatures vanquished.

Vanquished Creatures (collateral kills)
  A white imp (D:7)
1 creature vanquished.

Grand Total: 93 creatures vanquished

Notes
Turn   | Place    | Note
-------+----------+-------------------------------------------
     0 | D:1      | Nithhogg the Mountain Dwarf Fighter began the quest for the
                  | Orb.
     0 | D:1      | Reached XP level 1. HP: 19/19 MP: 1/1
    57 | D:1      | Reached skill level 1 in Invocations
    57 | D:1      | Reached XP level 2. HP: 20/26 MP: 2/2
   560 | D:1      | Reached XP level 3. HP: 33/33 MP: 4/4
  1598 | D:3      | Reached XP level 4. HP: 40/40 MP: 5/5
  1627 | D:3      | Found an opulent altar of Gozag.
  1660 | D:3      | Found a faded altar of an unknown god.
  2109 | D:3      | Found a snail-covered altar of Cheibriados.
  2279 | D:3      | Found a sparkling altar of Nemelex Xobeh.
  2378 | D:4      | Noticed a scorpion
  2491 | D:4      | Killed a scorpion
  2492 | D:4      | Reached XP level 5. HP: 47/47 MP: 7/7
  2514 | D:4      | Found a hazy altar of Hepliaklqana.
  2638 | D:4      | Found a broken altar of Ashenzari.
  2783 | D:5      | Entered Level 5 of the Dungeon
  2816 | D:5      | Found a shimmering altar of Xom.
  2823 | D:5      | Found a bloodstained altar of Trog.
  2833 | D:5      | Reached XP level 6. HP: 47/53 MP: 8/8
  3066 | D:5      | Reached skill level 5 in Fighting
  3066 | D:5      | Reached skill level 5 in Armour
  3409 | D:5      | Reached skill level 5 in Axes
  3409 | D:5      | Reached XP level 7. HP: 56/61 MP: 10/10
  3631 | D:5      | Identified the +3 shortbow "Xouhoj" {antimagic, SInv}
  3681 | D:5      | Identified the +12 dagger "Byl Daz" {flame, rN+}
  4061 | D:6      | Noticed Eustachio
  4080 | D:6      | Noticed Menkaure
  4091 | D:5      | Reached skill level 5 in Invocations
  4348 | D:6      | Killed Eustachio
  4689 | D:6      | Found a burning altar of Makhleb.
  4913 | D:6      | Found Vibean's Elemental Accessories.
  5026 | D:6      | Killed Menkaure
  5027 | D:6      | Reached XP level 8. HP: 26/70 MP: 12/12
  5343 | D:6      | Got the Writings on Conduction
  5347 | D:6      | Noticed a gargoyle
  5820 | D:7      | Found a glowing silver altar of Zin.
  5850 | D:7      | HP: 3/70 [white imp/puff of frost (7)]
  5852 | D:6      | Slain by a bullfrog

Illustrated notes

Levels and vault maps discovered:
D:1:      orjb1_lava_funnel, layout_loops_cross, grunt_decor_clamped
D:2:      minmay_diamond_boxcup, layout_basic
D:3:      layout_basic, cheibrodos_worm_habitat, grunt_gozag_statues,
          nemelex_spade_bored_becter, ebering_ecumenical_altar_petrified
D:4:      layout_rooms, mainiacjoe_overflow_paths, ashenzari_altar_1
D:5:      layout_gridville, mainiacjoe_overflow_large_starburst
D:6:      minmay_evil_eye, layout_cave_pods, lemuel_doored_altar, minivault_1,
          nicolae_elemental_shop, minmay_manual_monstrance, uniq_eustachio,
          uniq_menkaure, uniq_duvessa
D:7:      layout_rooms, kennysheep_little_box, minmay_temple_entry_from_below_a

Skill      XL: |  1  2  3  4  5  6  7 |
---------------+----------------------+-----
Invocations    | 1 2 3 4 6 |  6.3
Axes           | 3 4 5 6 |  6.4
Armour         | 4 5 6 |  6.3
Fighting       | 4 5 6 |  6.3
Shields        | |  3.2

Action                     |  1- 3 |  4- 6 |  7- 9 || total
---------------------------+-------+-------+-------++-------
  Melee: War axe           |   107 |   102 |   130 ||   339
  Throw: Dart              |       |       |     4 ||     4
  Evoke: Wand              |       |     3 |     2 ||     5
    Use: Scroll            |       |     9 |     3 ||    12
         Potion            |       |     2 |     5 ||     7
 Armour: Scale mail        |   100 |    98 |   177 ||   375
  Dodge: Dodged            |    62 |    48 |    96 ||   206
  Block: Buckler           |    39 |    25 |    38 ||   102

Table legend: (Time is in decaauts)
 A = Elapsed time spent in this place.
 B = Non-inter-level travel time spent in this place.
 C = Inter-level travel time spent in this place.
 D = Time resting spent in this place.
 E = Time spent auto-exploring this place.
 F = Levels seen in this place.
 G = Mean time per level.
                   A        B        C        D        E       F      G
               +--------+--------+--------+--------+--------+-----+--------+
         Total |   5976 |   5777 |    199 |    905 |   3802 |   7 |  853.7 |
       Dungeon |   5976 |   5777 |    199 |    905 |   3802 |   7 |  853.7 |
               +--------+--------+--------+--------+--------+-----+--------+

Top non-repeatable levels by time:
     D:5: 1944 daAuts
     D:6: 1048 daAuts
     D:1: 818 daAuts
     D:2: 807 daAuts
     D:3: 773 daAuts
     D:4: 453 daAuts
     D:7: 130 daAuts
